| TOP OF THE 1ST |
|
Cincinnati (NYP) Reds batting - Pitching for Milwaukee (NYP) Brewers : RHP Franklin Arroyo
|
|
Pitching: RHP Franklin Arroyo
|
|
|
Batting: LHB Fernando Gomez
|
0-0: Ball 1-0: Ball 2-0: Ball 3-0: Base on Balls
|
|
Batting: SHB Cesar Pelayo
|
0-0: Ball Fernando Gomez steals 2nd base 1-0: Foul Ball, location: 2F 1-1: Ground out 6-3 (Groundball, 6S, EV 80.0 MPH) Fernando Gomez to third
|
|
Batting: RHB Andy Bachman
|
0-0: SINGLE (Groundball, 4MS, EV 70.0 MPH) (infield hit) Fernando Gomez scores
|
|
Batting: RHB Chris Christaldi
|
0-0: Ball 1-0: Ball 2-0: Called Strike 2-1: Swinging Strike 2-2: Foul Ball, location: 2F 2-2: Foul Ball, location: 2F 2-2: Fly out, F9 (Flyball, 9, EV 81.9 MPH)
|
|
Batting: LHB Josh Slusarczyk
|
0-0: Ball 1-0: Ball 2-0: Ball 3-0: Called Strike 3-1: Base on Balls Andy Bachman to second
|
|
Batting: RHB Nick Moreno
|
0-0: Called Strike 0-1: Ball 1-1: Called Strike 1-2: Fly out, F8 (Flyball, 89M, EV 92.5 MPH)
|
| Top of the 1st over - 1 run, 1 hit, 0 errors, 2 left on base; Cincinnati (NYP) 1 - Milwaukee (NYP) 0 |
| BOTTOM OF THE 1ST |
|
Milwaukee (NYP) Brewers batting - Pitching for Cincinnati (NYP) Reds : RHP David Alferez
|
|
Pitching: RHP David Alferez
|
|
|
Batting: RHB Jeremy Harden
|
0-0: Foul Ball, location: 2F 0-1: Ball 1-1: Foul Ball, location: 2F 1-2: Strikes out swinging, 2-3 out at first.
|
|
Batting: RHB Xiao-shuang Au
|
0-0: Ball 1-0: DOUBLE (Flyball, 8RD, EV 86.2 MPH)
|
|
Batting: LHB Fumito Sakurai
|
0-0: Called Strike 0-1: Called Strike 0-2: Foul Ball, location: 2F 0-2: Strikes out swinging
|
|
Batting: LHB Greg Reedy
|
0-0: Called Strike 0-1: Ball 1-1: Ground out 5-3 (Groundball, 56, EV 87.5 MPH)
|
| Bottom of the 1st over - 0 runs, 1 hit, 0 errors, 1 left on base; Cincinnati (NYP) 1 - Milwaukee (NYP) 0 |
| TOP OF THE 2ND |
|
Cincinnati (NYP) Reds batting - Pitching for Milwaukee (NYP) Brewers : RHP Franklin Arroyo
|
|
Batting: RHB Badr al Din Ridha
|
0-0: Foul Ball, location: 2F 0-1: Fly out, F6 (Line Drive, 56D, EV 66.9 MPH)
|
|
Batting: RHB Yutaka Sato
|
0-0: Ball 1-0: Ball 2-0: Ball 3-0: Base on Balls
|
|
Batting: LHB Mike Becerra
|
0-0: Fly out, F2 (Popup, 15S, EV 85.0 MPH)
|
|
Batting: LHB Fernando Gomez
|
0-0: Swinging Strike 0-1: Ball 1-1: Ball 2-1: Called Strike 2-2: Fielders Choice at 2nd, 5-4 (Groundball, 56, EV 106.2 MPH)
|
| Top of the 2nd over - 0 runs, 0 hits, 0 errors, 1 left on base; Cincinnati (NYP) 1 - Milwaukee (NYP) 0 |
| BOTTOM OF THE 2ND |
|
Milwaukee (NYP) Brewers batting - Pitching for Cincinnati (NYP) Reds : RHP David Alferez
|
|
Batting: RHB Tony Beaumond
|
0-0: Called Strike 0-1: Swinging Strike 0-2: Strikes out swinging
|
|
Batting: RHB Dan Allred
|
0-0: Foul Ball, location: 2F 0-1: Called Strike 0-2: Ball 1-2: Ball 2-2: Foul Ball, location: 2F 2-2: SINGLE (Groundball, 6MD, EV 96.9 MPH)
|
|
Batting: RHB Chris Fruit
|
0-0: Foul Ball, location: 2F 0-1: Called Strike 0-2: Fielders Choice at 2nd, 5-4 (Groundball, 56, EV 91.2 MPH)
|
|
Batting: RHB Lorenzo Diaz
|
0-0: Called Strike Chris Fruit is caught stealing 2nd base 2-4
|
| Bottom of the 2nd over - 0 runs, 1 hit, 0 errors, 0 left on base; Cincinnati (NYP) 1 - Milwaukee (NYP) 0 |
| TOP OF THE 3RD |
|
Cincinnati (NYP) Reds batting - Pitching for Milwaukee (NYP) Brewers : RHP Franklin Arroyo
|
|
Batting: SHB Cesar Pelayo
|
0-0: Called Strike 0-1: Ball 1-1: Fly out, F8 (Line Drive, 8LM, EV 106.2 MPH)
|
|
Batting: RHB Andy Bachman
|
0-0: Called Strike 0-1: Called Strike 0-2: Fly out, F8 (Flyball, 8RM, EV 91.9 MPH)
|
|
Batting: RHB Chris Christaldi
|
0-0: Ball 1-0: Fly out, F6 (Flyball, 56D, EV 83.8 MPH)
|
| Top of the 3rd over - 0 runs, 0 hits, 0 errors, 0 left on base; Cincinnati (NYP) 1 - Milwaukee (NYP) 0 |
| BOTTOM OF THE 3RD |
|
Milwaukee (NYP) Brewers batting - Pitching for Cincinnati (NYP) Reds : RHP David Alferez
|
|
Batting: RHB Lorenzo Diaz
|
0-0: Ball 1-0: Fly out, F8 (Flyball, 8RXD, EV 101.9 MPH)
|
|
Batting: RHB Juan Villanueva
|
0-0: Called Strike 0-1: SINGLE (Line Drive, 9S, EV 97.5 MPH)
|
|
Batting: RHB Jeremy Harden
|
0-0: Foul Ball, location: 2F 0-1: Ball Passed Ball! Juan Villanueva to second 1-1: Ball 2-1: Foul Ball, location: 2F 2-2: Ball 3-2: Foul Ball, location: 2F 3-2: SINGLE (Groundball, 56D, EV 100.6 MPH) Juan Villanueva to third Runner from 3rd tries for Home, throw by LF and OUT! 7-2 Jeremy Harden to second
|
|
Batting: RHB Xiao-shuang Au
|
0-0: Ball 1-0: Ball 2-0: Foul Ball, location: 2F 2-1: Ball 3-1: Ground out 6-3 (Groundball, 6M, EV 84.4 MPH)
|
| Bottom of the 3rd over - 0 runs, 2 hits, 0 errors, 1 left on base; Cincinnati (NYP) 1 - Milwaukee (NYP) 0 |
| TOP OF THE 4TH |
|
Cincinnati (NYP) Reds batting - Pitching for Milwaukee (NYP) Brewers : RHP Franklin Arroyo
|
|
Batting: LHB Josh Slusarczyk
|
0-0: Fly out, F8 (Flyball, 8RD, EV 101.2 MPH)
|
|
Batting: RHB Nick Moreno
|
0-0: Called Strike 0-1: Foul Ball, location: 2F 0-2: Ball 1-2: Ground out 4-3 (Groundball, 34, EV 103.1 MPH)
|
|
Batting: RHB Badr al Din Ridha
|
0-0: Called Strike 0-1: Ball 1-1: Called Strike 1-2: Strikes out swinging
|
| Top of the 4th over - 0 runs, 0 hits, 0 errors, 0 left on base; Cincinnati (NYP) 1 - Milwaukee (NYP) 0 |
| BOTTOM OF THE 4TH |
|
Milwaukee (NYP) Brewers batting - Pitching for Cincinnati (NYP) Reds : RHP David Alferez
|
|
Batting: LHB Fumito Sakurai
|
0-0: Ball 1-0: Ball 2-0: Ground out U3 (Groundball, 34S, EV 90.0 MPH)
|
|
Batting: LHB Greg Reedy
|
0-0: Ball 1-0: Reached on error, E3 (Groundball, 3L, EV 86.9 MPH)
|
|
Batting: RHB Tony Beaumond
|
0-0: Called Strike 0-1: DOUBLE (Line Drive, 89XD, EV 101.2 MPH) Greg Reedy to third Runner from 3rd tries for Home, SAFE, no throw by CF
|
|
Batting: RHB Dan Allred
|
0-0: Ball 1-0: SINGLE (Groundball, 56D, EV 94.4 MPH) Tony Beaumond to third Runner from 3rd tries for Home, SAFE, throw by LF to home
|
|
Batting: RHB Chris Fruit
|
0-0: Foul Ball, location: 2F 0-1: Ball Dan Allred is caught stealing 2nd base 2-4 1-1: Ball 2-1: Ball 3-1: Called Strike 3-2: SINGLE (Groundball, 5S, EV 63.8 MPH) (infield hit)
|
|
Batting: RHB Lorenzo Diaz
|
0-0: Called Strike Chris Fruit is caught stealing 2nd base 2-4
|
| Bottom of the 4th over - 2 runs, 3 hits, 1 error, 0 left on base; Cincinnati (NYP) 1 - Milwaukee (NYP) 2 |
| TOP OF THE 5TH |
|
Cincinnati (NYP) Reds batting - Pitching for Milwaukee (NYP) Brewers : RHP Franklin Arroyo
|
|
Batting: RHB Yutaka Sato
|
0-0: Ball 1-0: Ball 2-0: Ball 3-0: Called Strike 3-1: Base on Balls
|
|
Batting: LHB Mike Becerra
|
0-0: Swinging Strike 0-1: Foul Ball, location: 2F 0-2: Strikes out swinging
|
|
Batting: LHB Fernando Gomez
|
0-0: Called Strike 0-1: Foul Ball, location: 2F 0-2: Fly out, F8 (Flyball, 8RD, EV 96.9 MPH)
|
|
Batting: SHB Cesar Pelayo
|
0-0: Called Strike 0-1: Foul Ball, location: 2F 0-2: Foul Ball, location: 2F 0-2: Ball 1-2: Foul Ball, location: 2F 1-2: Ball Yutaka Sato is caught stealing 2nd base 2-6
|
| Top of the 5th over - 0 runs, 0 hits, 0 errors, 0 left on base; Cincinnati (NYP) 1 - Milwaukee (NYP) 2 |
| BOTTOM OF THE 5TH |
|
Milwaukee (NYP) Brewers batting - Pitching for Cincinnati (NYP) Reds : RHP David Alferez
|
|
Batting: RHB Lorenzo Diaz
|
0-0: Ball 1-0: Ball 2-0: Ground out 4-3 (Groundball, 4, EV 106.9 MPH)
|
|
Batting: RHB Juan Villanueva
|
0-0: Called Strike 0-1: Ball 1-1: Foul Ball, location: 2F 1-2: Ball 2-2: Foul Ball, location: 2F 2-2: Ground out U3 (Groundball, 3, EV 84.4 MPH)
|
|
Batting: RHB Jeremy Harden
|
0-0: Ball 1-0: Ball 2-0: Ball 3-0: Called Strike 3-1: Base on Balls
|
|
Batting: RHB Xiao-shuang Au
|
0-0: Ball 1-0: Fly out, F7 (Flyball, 78S, EV 94.4 MPH)
|
| Bottom of the 5th over - 0 runs, 0 hits, 0 errors, 1 left on base; Cincinnati (NYP) 1 - Milwaukee (NYP) 2 |
| TOP OF THE 6TH |
|
Cincinnati (NYP) Reds batting - Pitching for Milwaukee (NYP) Brewers : RHP Franklin Arroyo
|
|
Batting: SHB Cesar Pelayo
|
0-0: Called Strike 0-1: Called Strike 0-2: Ball 1-2: Strikes out swinging
|
|
Pitching: RHP Butch Powers
|
|
|
Batting: RHB Andy Bachman
|
0-0: Ball 1-0: Ball 2-0: Swinging Strike 2-1: Ground out U3 (Groundball, 34, EV 97.5 MPH)
|
|
Batting: RHB Chris Christaldi
|
0-0: Swinging Strike 0-1: Ball 1-1: Ball 2-1: Foul Ball, location: 2F 2-2: Foul Ball, location: 2F 2-2: Ball 3-2: Ground out U3 (Groundball, 34, EV 96.2 MPH)
|
| Top of the 6th over - 0 runs, 0 hits, 0 errors, 0 left on base; Cincinnati (NYP) 1 - Milwaukee (NYP) 2 |
| BOTTOM OF THE 6TH |
|
Milwaukee (NYP) Brewers batting - Pitching for Cincinnati (NYP) Reds : RHP David Alferez
|
|
Batting: LHB Fumito Sakurai
|
0-0: Ball 1-0: DOUBLE (Line Drive, 78XD, EV 105.0 MPH)
|
|
Batting: LHB Greg Reedy
|
0-0: Ball 1-0: Ball 2-0: Foul Ball, location: 2F 2-1: Ball 3-1: Foul Ball, location: 2F 3-2: Base on Balls
|
|
Pitching: LHP Andres Lobato
|
|
|
Batting: RHB Tony Beaumond
|
0-0: Swinging Strike 0-1: Ball 1-1: Foul Ball, location: 2F 1-2: Strikes out swinging
|
|
Batting: RHB Dan Allred
|
0-0: Swinging Strike 0-1: Called Strike 0-2: Foul Ball, location: 2F 0-2: Ball 1-2: Foul Ball, location: 2F 1-2: Ball 2-2: Fielders Choice at 2nd, 6-4 (Groundball, 56, EV 90.6 MPH) Fumito Sakurai to third
|
|
Batting: RHB Chris Fruit
|
0-0: Swinging Strike 0-1: Ball 1-1: Ground out 5-3 (Groundball, 5S, EV 85.0 MPH)
|
| Bottom of the 6th over - 0 runs, 1 hit, 0 errors, 2 left on base; Cincinnati (NYP) 1 - Milwaukee (NYP) 2 |
| TOP OF THE 7TH |
|
Cincinnati (NYP) Reds batting - Pitching for Milwaukee (NYP) Brewers : RHP Butch Powers
|
|
Now at 3B: Xiao-shuang Au
|
|
|
Now in RF: Steven Donovan
|
|
|
Batting: LHB Josh Slusarczyk
|
0-0: Swinging Strike 0-1: Swinging Strike 0-2: Strikes out swinging, 2-3 out at first.
|
|
Batting: RHB Nick Moreno
|
0-0: Foul Ball, location: 2F 0-1: Ball 1-1: Ball 2-1: Foul Ball, location: 2F 2-2: Foul Ball, location: 2F 2-2: Foul Ball, location: 2F 2-2: Ball 3-2: Foul Ball, location: 2F 3-2: Base on Balls
|
|
Pinch Hitting: LHB Cesar Arteaga
|
0-0: Foul Ball, location: 2F 0-1: TRIPLE (Line Drive, 78XD, EV 102.5 MPH) Nick Moreno scores
|
|
Pinch Hitting: SHB David Garnica
|
0-0: Intentional Walk
|
|
Pinch Hitting: RHB Alex de Leon
|
0-0: Ball David Garnica is caught stealing 2nd base 2-4 1-0: Ball 2-0: Ball 3-0: Called Strike 3-1: Called Strike 3-2: SINGLE (Groundball, 56, EV 76.9 MPH) (infield hit) Cesar Arteaga scores
|
|
Batting: LHB Fernando Gomez
|
0-0: Called Strike Alex de Leon steals 2nd base 0-1: Called Strike Alex de Leon steals 3rd, throwing error, E2 Alex de Leon scores 0-2: Ball 1-2: Ground out 4-3 (Groundball, 4, EV 86.2 MPH)
|
| Top of the 7th over - 3 runs, 2 hits, 1 error, 0 left on base; Cincinnati (NYP) 4 - Milwaukee (NYP) 2 |
| BOTTOM OF THE 7TH |
|
Milwaukee (NYP) Brewers batting - Pitching for Cincinnati (NYP) Reds : LHP Andres Lobato
|
|
Now at 2B: Cesar Arteaga
|
|
|
Now at SS: Fernando Gomez
|
|
|
Now in LF: David Garnica
|
|
|
Now in CF: Nick Moreno
|
|
|
Now in RF: Adam Lambert
|
|
|
Batting: RHB Lorenzo Diaz
|
0-0: Called Strike 0-1: Foul Ball, location: 2F 0-2: Ball 1-2: Foul Ball, location: 2F 1-2: Ball 2-2: Foul Ball, location: 2F 2-2: Strikes out swinging
|
|
Batting: RHB Juan Villanueva
|
0-0: Ball 1-0: Fly out, F4 (Popup, 34, EV 54.4 MPH)
|
|
Batting: RHB Jeremy Harden
|
0-0: Ground out 5-3 (Groundball, 56, EV 82.5 MPH)
|
| Bottom of the 7th over - 0 runs, 0 hits, 0 errors, 0 left on base; Cincinnati (NYP) 4 - Milwaukee (NYP) 2 |
| TOP OF THE 8TH |
|
Cincinnati (NYP) Reds batting - Pitching for Milwaukee (NYP) Brewers : RHP Butch Powers
|
|
Pitching: RHP Pat Spry
|
|
|
Batting: SHB Cesar Pelayo
|
0-0: Called Strike 0-1: Ball 1-1: Called Strike 1-2: Ball 2-2: Ground out 2-3 (Groundball, 15S, EV 63.8 MPH)
|
|
Batting: RHB Andy Bachman
|
0-0: Called Strike 0-1: Ground out 4-3 (Groundball, 4, EV 81.2 MPH)
|
|
Batting: RHB Chris Christaldi
|
0-0: Foul Ball, location: 2F 0-1: Called Strike 0-2: Ball 1-2: Ground out 3-1 (Groundball, 34, EV 103.1 MPH)
|
| Top of the 8th over - 0 runs, 0 hits, 0 errors, 0 left on base; Cincinnati (NYP) 4 - Milwaukee (NYP) 2 |
| BOTTOM OF THE 8TH |
|
Milwaukee (NYP) Brewers batting - Pitching for Cincinnati (NYP) Reds : LHP Andres Lobato
|
|
Batting: RHB Xiao-shuang Au
|
0-0: Foul Ball, location: 2F 0-1: Swinging Strike 0-2: Ball 1-2: SINGLE (Groundball, 4D, EV 98.1 MPH)
|
|
Pitching: RHP Gabe Gutierrez
|
|
|
Batting: LHB Fumito Sakurai
|
0-0: Ball 1-0: SINGLE (Flyball, 5D, EV 88.1 MPH) Xiao-shuang Au to second
|
|
Batting: LHB Greg Reedy
|
0-0: Ball 1-0: Ball 2-0: Called Strike 2-1: Called Strike 2-2: Ball 3-2: Foul Ball, location: 2F 3-2: SINGLE (Groundball, 4MS, EV 94.4 MPH) Xiao-shuang Au to third Fumito Sakurai to second
|
|
Batting: LHB Steven Donovan
|
0-0: Ball 1-0: Called Strike 1-1: TRIPLE (Groundball, 3D, EV 95.0 MPH) Xiao-shuang Au scores Fumito Sakurai scores Greg Reedy scores
|
|
Batting: RHB Dan Allred
|
0-0: Ball 1-0: Called Strike 1-1: Ball 2-1: Foul Ball, location: 2F 2-2: Ball 3-2: DOUBLE (Flyball, 78XD, EV 98.1 MPH) Steven Donovan scores
|
|
Batting: RHB Chris Fruit
|
0-0: Called Strike 0-1: Swinging Strike 0-2: Reached on error, E4 (Groundball, 4, EV 101.2 MPH) Dan Allred to third
|
|
Batting: RHB Lorenzo Diaz
|
0-0: Ball 1-0: Foul Ball, location: 2F 1-1: Ball 2-1: Foul Ball, location: 2F 2-2: Fielders Choice at 2nd, 5-4 (Groundball, 56, EV 83.1 MPH) Dan Allred scores
|
|
Pitching: RHP Gilbert Paparelli
|
|
|
Batting: RHB Juan Villanueva
|
0-0: Called Strike Lorenzo Diaz steals 2nd base 0-1: Swinging Strike 0-2: Strikes out looking
|
|
Batting: RHB Jeremy Harden
|
0-0: Fly out, F8 (Flyball, 8RD, EV 99.4 MPH)
|
| Bottom of the 8th over - 5 runs, 5 hits, 1 error, 1 left on base; Cincinnati (NYP) 4 - Milwaukee (NYP) 7 |
| TOP OF THE 9TH |
|
Cincinnati (NYP) Reds batting - Pitching for Milwaukee (NYP) Brewers : RHP Pat Spry
|
|
Pitching: RHP Allen Gans
|
|
|
Batting: LHB Josh Slusarczyk
|
0-0: Foul Ball, location: 2F 0-1: Foul Ball, location: 2F 0-2: Ball 1-2: Strikes out swinging
|
|
Batting: RHB Nick Moreno
|
0-0: Ball 1-0: Ground out 2-3 (Groundball, 2L, EV 67.5 MPH)
|
|
Batting: LHB Cesar Arteaga
|
0-0: Ball 1-0: Ball 2-0: Swinging Strike 2-1: Ground out 1-3 (Groundball, 34S, EV 70.6 MPH)
|
| Top of the 9th over - 0 runs, 0 hits, 0 errors, 0 left on base; Cincinnati (NYP) 4 - Milwaukee (NYP) 7 |
|